[ AOE2 MATCH · #504665455 ]
UnrankedEthiopians vs Chinese
Player's team · LOSS
Rival team · WIN
[ REPLAY ANALYSIS · EXTRACTED FROM THE RECORDED GAME ]
Feudal
10:46
Castle
25:30
Imperial
45:05
| APM avg | 27.5 |
| APM peak | 57 |
| eAPM avg | 13.0 |
| Villagers / military | 102 / 104 |
Focus
⚔️ 31.8% · 🌾 68.2%
Camel Scout ×32 · Skirmisher ×23 · Archer ×17 · Shotel Warrior ×9 · Monk ×8 · Scout Cavalry ×7
Feudal
9:33
Castle
25:21
Imperial
41:32
| APM avg | 60.5 |
| APM peak | 112 |
| eAPM avg | 30.2 |
| Villagers / military | 127 / 141 |
Focus
⚔️ 37.3% · 🌾 62.7%
Archer ×34 · Chu Ko Nu ×34 · Knight ×23 · Scout Cavalry ×12 · Trebuchet (Packed) ×10 · Spearman ×7
Match map
Initial resources + every placement click. Lines = walls · curves = elevation contours. ◆ gold · ⬟ stone · ● berries · ✦ relic · ◌ wall gap
Your base· Open — 5t gap
☘ [4:20] ☘ Raperzinho11's base· Open — 1t gap
Smoothed initial terrain · ◌ = detected wall gap · hover for details
Inputs per minute
— Dr. Moody - - ☘ [4:20] ☘ Raperzinho11
Build order — Dr. Moody
First 150 of 349 actions detected
| 0:01 | Queue | Villager (Male) |
| 0:01 | Queue | Villager (Male) |
| 0:04 | Build | House |
| 0:05 | Build | House |
| 0:12 | Queue | Villager (Male) |
| 0:13 | Queue | Villager (Male) |
| 1:20 | Build | Lumber Camp |
| 1:23 | Queue | Villager (Male) |
| 1:23 | Queue | Villager (Male) |
| 2:04 | Queue | Villager (Male) |
| 2:31 | Queue | Villager (Male) |
| 2:31 | Queue | Villager (Male) |
| 3:00 | Queue | Villager (Male) |
| 3:00 | Queue | Villager (Male) |
| 3:22 | Queue | Villager (Male) |
| 3:23 | Queue | Villager (Male) |
| 3:23 | Queue | Villager (Male) |
| 3:29 | Build | House |
| 3:43 | Queue | Villager (Male) |
| 3:43 | Queue | Villager (Male) |
| 4:13 | Queue | Villager (Male) |
| 4:14 | Queue | Villager (Male) |
| 4:15 | Queue | Villager (Male) |
| 4:15 | Queue | Villager (Male) |
| 5:05 | Queue | Villager (Male) |
| 5:05 | Queue | Villager (Male) |
| 5:26 | Build | House |
| 5:31 | Queue | Villager (Male) |
| 5:31 | Queue | Villager (Male) |
| 6:42 | Queue | Villager (Male) |
| 6:45 | Queue | Villager (Male) |
| 6:46 | Research | Loom |
| 7:46 | Build | Mill |
| 7:49 | Queue | Villager (Male) |
| 7:56 | Build | House |
| 8:36 | Research | Feudal Age |
| 9:03 | Queue | Villager (Male) |
| 9:03 | Queue | Villager (Male) |
| 9:17 | Build | House |
| 9:21 | Build | Palisade Wall |
| 9:25 | Queue | Villager (Male) |
| 9:25 | Queue | Villager (Male) |
| 9:43 | Queue | Villager (Male) |
| 9:43 | Queue | Villager (Male) |
| 10:22 | Build | Barracks |
| 10:36 | Build | Mining Camp |
| 10:46 | Age | Feudal Age |
| 11:14 | Research | Gold Mining |
| 11:21 | Build | Archery Range |
| 11:27 | Research | Man-at-Arms (upgrade) |
| 11:35 | Queue | Villager (Male) |
| 11:49 | Queue | Villager (Male) |
| 11:49 | Queue | Villager (Male) |
| 12:04 | Queue | Archer |
| 12:04 | Queue | Archer |
| 12:05 | Queue | Archer |
| 12:21 | Build | Blacksmith |
| 12:32 | Queue | Archer |
| 12:37 | Queue | Villager (Male) |
| 12:42 | Build | House |
| 12:56 | Queue | Archer |
| 13:05 | Build | Archery Range |
| 13:10 | Research | Padded Archer Armor |
| 13:13 | Build | Farm |
| 13:30 | Queue | Villager (Male) |
| 13:44 | Build | Stable |
| 14:26 | Queue | Archer |
| 14:49 | Queue | Scout Cavalry |
| 14:49 | Queue | Scout Cavalry |
| 14:49 | Queue | Scout Cavalry |
| 14:59 | Build | Farm |
| 15:00 | Build | Farm |
| 15:03 | Queue | Villager (Male) |
| 15:15 | Queue | Archer |
| 15:15 | Queue | Archer |
| 15:21 | Queue | Villager (Male) |
| 15:42 | Queue | Archer |
| 15:52 | Build | House |
| 15:54 | Build | House |
| 15:55 | Build | House |
| 16:06 | Queue | Archer |
| 16:06 | Queue | Archer |
| 16:11 | Queue | Scout Cavalry |
| 16:32 | Queue | Archer |
| 16:33 | Queue | Archer |
| 16:35 | Queue | Villager (Male) |
| 16:35 | Queue | Villager (Male) |
| 16:40 | Build | Farm |
| 16:41 | Build | Farm |
| 16:42 | Build | Farm |
| 16:46 | Build | Farm |
| 16:47 | Build | Farm |
| 17:43 | Queue | Villager (Male) |
| 17:43 | Queue | Villager (Male) |
| 17:43 | Queue | Villager (Male) |
| 18:01 | Build | Watch Tower |
| 18:05 | Queue | Archer |
| 18:05 | Queue | Archer |
| 19:06 | Queue | Scout Cavalry |
| 19:06 | Queue | Scout Cavalry |
| 19:06 | Queue | Scout Cavalry |
| 19:07 | Queue | Villager (Male) |
| 19:26 | Queue | Archer |
| 19:26 | Queue | Archer |
| 19:51 | Queue | Villager (Male) |
| 19:51 | Queue | Villager (Male) |
| 19:57 | Build | Farm |
| 19:58 | Build | Farm |
| 19:58 | Build | Farm |
| 20:48 | Queue | Villager (Male) |
| 20:48 | Queue | Villager (Male) |
| 20:55 | Build | Farm |
| 20:55 | Build | Farm |
| 20:56 | Build | Farm |
| 21:02 | Build | Market |
| 21:07 | Research | Horse Collar |
| 21:17 | Build | Farm |
| 21:18 | Build | Farm |
| 21:19 | Build | Farm |
| 21:19 | Build | Farm |
| 21:33 | Research | Fletching |
| 21:36 | Queue | Skirmisher |
| 21:37 | Queue | Skirmisher |
| 21:39 | Queue | Skirmisher |
| 21:39 | Queue | Skirmisher |
| 22:10 | Queue | Skirmisher |
| 22:50 | Research | Castle Age |
| 23:28 | Queue | Villager (Male) |
| 23:28 | Queue | Villager (Male) |
| 24:24 | Queue | Skirmisher |
| 24:40 | Queue | Skirmisher |
| 24:40 | Queue | Skirmisher |
| 25:13 | Queue | Skirmisher |
| 25:15 | Queue | Villager (Male) |
| 25:30 | Age | Castle Age |
| 25:32 | Build | Town Center |
| 25:38 | Queue | Knight |
| 25:38 | Queue | Knight |
| 25:39 | Queue | Knight |
| 25:42 | Research | Scale Barding Armor |
| 25:46 | Research | Bodkin Arrow |
| 26:03 | Research | Elite Skirmisher (upgrade) |
| 26:22 | Build | House |
| 26:23 | Build | House |
| 26:24 | Build | House |
| 26:25 | Build | House |
| 26:48 | Queue | Villager (Male) |
| 26:48 | Queue | Villager (Male) |
| 26:53 | Queue | Knight |
| 26:57 | Research | Forging |
Build order — ☘ [4:20] ☘ Raperzinho11
First 150 of 372 actions detected
| 0:10 | Research | Loom |
| 0:10 | Research | Loom |
| 1:00 | Queue | Villager (Male) |
| 1:00 | Queue | Villager (Male) |
| 1:35 | Queue | Villager (Male) |
| 1:35 | Queue | Villager (Male) |
| 1:56 | Queue | Villager (Male) |
| 1:56 | Queue | Villager (Male) |
| 2:09 | Build | Lumber Camp |
| 2:16 | Queue | Villager (Male) |
| 2:16 | Queue | Villager (Male) |
| 2:41 | Queue | Villager (Male) |
| 2:41 | Queue | Villager (Male) |
| 3:21 | Build | House |
| 3:32 | Build | House |
| 3:51 | Queue | Villager (Male) |
| 3:51 | Queue | Villager (Male) |
| 3:51 | Queue | Villager (Male) |
| 4:59 | Queue | Villager (Male) |
| 5:00 | Queue | Villager (Male) |
| 5:00 | Queue | Villager (Male) |
| 5:31 | Queue | Villager (Male) |
| 5:31 | Queue | Villager (Male) |
| 5:31 | Queue | Villager (Male) |
| 5:47 | Build | Barracks |
| 7:23 | Research | Feudal Age |
| 7:40 | Build | Mining Camp |
| 7:47 | Queue | Militia |
| 7:47 | Queue | Militia |
| 8:18 | Queue | Militia |
| 8:19 | Queue | Militia |
| 8:59 | Queue | Militia |
| 9:00 | Queue | Militia |
| 9:15 | Build | House |
| 9:33 | Age | Feudal Age |
| 9:42 | Queue | Villager (Male) |
| 9:45 | Queue | Spearman |
| 10:16 | Queue | Villager (Male) |
| 10:23 | Build | Archery Range |
| 10:27 | Queue | Villager (Male) |
| 10:45 | Queue | Villager (Male) |
| 10:45 | Queue | Villager (Male) |
| 10:46 | Queue | Villager (Male) |
| 11:10 | Build | Archery Range |
| 11:17 | Queue | Archer |
| 11:17 | Queue | Archer |
| 11:18 | Queue | Archer |
| 11:51 | Build | House |
| 11:52 | Build | House |
| 12:19 | Queue | Archer |
| 12:36 | Build | Mill |
| 12:41 | Queue | Villager (Male) |
| 12:41 | Queue | Villager (Male) |
| 12:44 | Queue | Archer |
| 12:44 | Queue | Archer |
| 12:44 | Queue | Archer |
| 12:44 | Queue | Archer |
| 12:44 | Queue | Archer |
| 12:45 | Queue | Archer |
| 13:08 | Queue | Villager (Male) |
| 13:11 | Research | Double-Bit Axe |
| 13:25 | Queue | Archer |
| 13:26 | Queue | Archer |
| 13:26 | Queue | Archer |
| 14:23 | Queue | Villager (Male) |
| 14:25 | Queue | Skirmisher |
| 14:25 | Queue | Skirmisher |
| 14:25 | Queue | Skirmisher |
| 14:25 | Queue | Skirmisher |
| 14:32 | Build | Blacksmith |
| 14:36 | Build | Farm |
| 14:36 | Build | Farm |
| 14:38 | Build | Farm |
| 14:38 | Build | Farm |
| 15:10 | Build | House |
| 15:15 | Build | Farm |
| 15:16 | Queue | Archer |
| 15:17 | Queue | Archer |
| 15:17 | Queue | Archer |
| 15:17 | Queue | Archer |
| 15:24 | Build | House |
| 16:12 | Research | Fletching |
| 16:34 | Queue | Villager (Male) |
| 16:36 | Queue | Archer |
| 16:36 | Queue | Archer |
| 16:36 | Queue | Archer |
| 16:36 | Queue | Archer |
| 16:37 | Queue | Archer |
| 16:44 | Build | House |
| 16:58 | Build | Farm |
| 16:58 | Build | Farm |
| 17:03 | Build | Farm |
| 18:01 | Queue | Spearman |
| 18:02 | Queue | Spearman |
| 18:13 | Queue | Archer |
| 18:13 | Queue | Archer |
| 18:13 | Queue | Archer |
| 18:13 | Queue | Archer |
| 18:14 | Queue | Archer |
| 18:14 | Queue | Archer |
| 18:15 | Queue | Villager (Male) |
| 18:16 | Queue | Villager (Male) |
| 18:21 | Build | Farm |
| 18:21 | Build | Farm |
| 18:21 | Build | Farm |
| 18:21 | Build | Farm |
| 18:22 | Build | Farm |
| 18:22 | Build | Farm |
| 18:22 | Build | Farm |
| 19:02 | Build | Farm |
| 19:02 | Build | Farm |
| 19:04 | Build | House |
| 19:04 | Build | House |
| 19:14 | Queue | Villager (Male) |
| 19:14 | Queue | Villager (Male) |
| 19:35 | Queue | Villager (Male) |
| 19:35 | Queue | Villager (Male) |
| 19:55 | Queue | Villager (Male) |
| 19:57 | Queue | Archer |
| 19:57 | Queue | Archer |
| 19:57 | Queue | Archer |
| 19:58 | Queue | Archer |
| 19:58 | Queue | Archer |
| 19:58 | Queue | Archer |
| 20:28 | Build | Farm |
| 20:50 | Research | Padded Archer Armor |
| 20:57 | Build | Market |
| 21:12 | Build | Farm |
| 21:29 | Queue | Villager (Male) |
| 21:33 | Build | Farm |
| 21:44 | Build | Farm |
| 22:37 | Build | Farm |
| 22:41 | Research | Castle Age |
| 22:53 | Queue | Villager (Male) |
| 23:00 | Build | Mining Camp |
| 23:23 | Queue | Spearman |
| 23:23 | Queue | Spearman |
| 24:17 | Queue | Villager (Male) |
| 24:47 | Build | Stable |
| 25:04 | Queue | Villager (Male) |
| 25:05 | Queue | Villager (Male) |
| 25:05 | Queue | Villager (Male) |
| 25:15 | Build | Stable |
| 25:18 | Research | Bloodlines |
| 25:21 | Research | Forging |
| 25:21 | Age | Castle Age |
| 25:46 | Queue | Knight |
| 25:46 | Queue | Knight |
| 25:46 | Queue | Knight |
| 25:47 | Queue | Knight |
Match timeline
| 5:47 | ☘ [4:20] ☘ Raperzinho11 · first_building Barracks |
| 9:21 | Dr. Moody · wall_segment Palisade Wall x6 |
| 9:33 | ☘ [4:20] ☘ Raperzinho11 · age_up feudal |
| 10:22 | Dr. Moody · first_building Barracks |
| 10:23 | ☘ [4:20] ☘ Raperzinho11 · first_building Archery Range |
| 10:46 | Dr. Moody · age_up feudal |
| 11:21 | Dr. Moody · first_building Archery Range |
| 13:44 | Dr. Moody · first_building Stable |
| 22:44 | Dr. Moody · first_market_sell 100 wood |
| 22:46 | Dr. Moody · first_market_buy 100 food |
| 24:47 | ☘ [4:20] ☘ Raperzinho11 · first_building Stable |
| 25:21 | ☘ [4:20] ☘ Raperzinho11 · age_up castle |
| 25:30 | Dr. Moody · age_up castle |
| 26:15 | ☘ [4:20] ☘ Raperzinho11 · first_market_sell 100 food |
| 29:38 | ☘ [4:20] ☘ Raperzinho11 · first_building Monastery |
| 32:03 | ☘ [4:20] ☘ Raperzinho11 · first_building Castle |
| 33:42 | Dr. Moody · first_building Monastery |
| 35:49 | ☘ [4:20] ☘ Raperzinho11 · first_building Siege Workshop |
| 38:48 | Dr. Moody · first_building Castle |
| 41:32 | ☘ [4:20] ☘ Raperzinho11 · age_up imperial |
| 45:05 | Dr. Moody · age_up imperial |
| 46:19 | Dr. Moody · first_building Siege Workshop |
| 49:16 | Dr. Moody · resign |
[ AI ANALYSIS · 1 CREDIT ]
What really happened in this match?
Wolo.gg analyzes every decision: build order, eco, micro, common mistakes by bracket. Personalized analysis on WhatsApp or Discord in 30 seconds.
Civ guide
Ethiopians
Perfil
Jugador #2041405